 Dungeon Sprint DCSS version 0.24.0-1-gfbc8707 (webtiles) character file.

Game seed: 18437589856230688070, levelgen mode: deterministic

7408 Fang the Cleaver (level 11, -19/120 HPs)
             Began as a Gargoyle Berserker on Nov 7, 2019.
             Was the Champion of Trog.
             Killed from afar by a deep elf mage (25 damage)
             ... with a bolt of fire
             ... in the Dungeon (Sprint V: "Ziggurat Sprint") on Nov 8, 2019.
             The game lasted 00:05:03 (737 turns).

Fang the Cleaver (Gargoyle Berserker)                Turns: 737, Time: 00:05:04

Health: -19/120    AC: 38    Str: 41    XL:     11   Next: 14%
Magic:  11/11      EV:  7    Int:  8    God:    Trog [******]
Gold:   0          SH: 32    Dex:  9    Spells: 10/10 levels left

rFire    . . .     SeeInvis .   a - +5 broad axe
rCold    . . .     Gourm    .   E - +18 shield of the Gong {rElec rN+ MR+ EV-5}
rNeg     + + .     Faith    .   b - +15 Maxwell's patent armour {-Cast -Tele rElec MR+ rCorr}
rPois    ∞         Spirit   .   (no helmet)
rElec    +         Reflect  .   (no cloak)
rCorr    +         Harm     .   (no gloves)
MR       ++...     NoTele   +   (no boots) Stlth ..........NoCast +
                                (no amulet)
HPRegen  0.30/turn              C - +6 ring of strength
MPRegen  0.12/turn              D - +6 ring of strength

@: berserking (expiring), studying 2 skills, very quick
A: negative energy resistance 1, electricity resistance, unbreathing,
petrification resistance, rot immunity, AC +8
a: Berserk, Trog's Hand, Brothers in Arms, Renounce Religion


You were in the Dungeon.
You worshipped Trog.
Trog was exalted by your worship.
You were very hungry.

You visited 1 branch

Inventory:

Hand Weapons
 a - a +5 broad axe (weapon)
Armour
 b - the +15 Maxwell's patent armour (worn) {-Cast -Tele rElec MR+ rCorr}
   (You found it in the Dungeon)

   It insulates you from electricity.
   It affects your resistance to hostile enchantments.
   It prevents spellcasting.
   It prevents most forms of teleportation.
   It provides partial protection from all sources of acid and corrosion.
 E - the +18 shield of the Gong (worn) {rElec rN+ MR+ EV-5}
   (You found it in the Dungeon)

   It affects your evasion (-5).
   It insulates you from electricity.
   It protects you from negative energy.
   It affects your resistance to hostile enchantments.
Jewellery
 z - an uncursed ring of see invisible
 A - the ring "Ufo Kich" {rN+ Dex+3}
   (You found it in the Dungeon)

   [ring of positive energy]

   It affects your dexterity (+3).
   It protects you from negative energy.
 C - a +6 ring of strength (left hand)
 D - a +6 ring of strength (right hand)
 F - the cursed ring "Bumpo" {rC+ MR+ EV-5 Dex+3}
   (You found it in the Dungeon)

   [ring of evasion]

   It affects your evasion (-5).
   It affects your dexterity (+3).
   It protects you from cold.
   It affects your resistance to hostile enchantments.
   It has a curse placed upon it.
 G - the ring "Pisuext" {+Fly Str+5 Int-3}
   (You found it in the Dungeon)

   [ring of flight]

   It affects your strength (+5).
   It affects your intelligence (-3).
   It lets you fly.
Wands
 u - a wand of disintegration (7)
 v - a wand of iceblast (7)
 w - a wand of acid (7)
Scrolls
 i - 4 scrolls of blinking
 j - 7 scrolls of fog
 k - a scroll of holy word
 l - 5 scrolls of identify
 m - 5 scrolls of remove curse
 n - 2 scrolls of fear
 o - a scroll of brand weapon
 B - 4 scrolls of enchant weapon
Potions
 d - 10 potions of curing
 e - 10 potions of heal wounds
 f - 6 potions of haste
 h - 3 potions of berserk rage
 p - 2 potions of invisibility
 q - 4 potions of resistance
 r - a potion of experience
 s - 5 potions of agility
 t - 7 potions of might
Books
 x - a manual of Stealth
 y - a manual of Axes
Comestibles
 c - 8 rations
 g - 13 chunks of flesh


   Skills:
 * Level 14.4 Fighting
 * Level 14.5 Axes
 + Level 12.7 Armour
 + Level 10.0 Dodging
 * Level 10.2 Shields


You had 10 spell levels left.
You didn't know any spells.
Your spell library was empty.

Dungeon Overview and Level Annotations

Branches:
Dungeon (1/1)

Altars:
Ashenzari
Cheibriados
Dithmenos
Elyvilon
Fedhas
Gozag
Hepliaklqana
Kikubaaqudgha
Makhleb
Nemelex Xobeh
Okawaru
Qazlal
Ru
Sif Muna
Trog
Uskayaw
Vehumet
Wu Jian
Xom
Yredelemnul
Zin
The Shining One
Beogh
Jiyva
Lugonu

Annotations:
D 1 transporter


Innate Abilities, Weirdness & Mutations

You are resistant to torment.
Your stone body is resilient. (AC +8)
You are immune to poison.
You resist negative energy. (rN+)
You are resistant to electric shocks. (rElec)
You can survive without breathing.
You are immune to petrification.
You are immune to rotting.


Message History

Your Dodging skill increases to level 10!
Your Shields skill increases to level 10!
You slice the deep elf mage!!
You kill the deep elf mage!
Trog accepts your kill. Something appears at your feet!
Trog grants you a weapon!
Trog appreciates your killing of a magic user.
You barely miss the +2 glaive of distortion.
The +2 glaive of distortion hits you but does no damage.
Space bends around you.
* * * LOW HITPOINT WARNING * * *
Things that are here:
a +0 short sword; a +0 leather armour You slice the +2 glaive of distortion like a ripe choko!!!
The +2 glaive of distortion falls from the air.
Trog accepts your kill.
The deep elf mage points at you and mumbles some strange words.
The bolt of fire hits you!!
You die...

▓.▓..)..▓.▓.▓)).▓.▓
▓....©....▓...©...▓
▓▓▓▓▓▓▓▓▓▓▓▓▓▓▓▓▓▓▓
▓...8©8...▓..8©8..▓
▓..::}|[..▓..:....▓
▓...)=e...▓..[.)..▓
▓.........▓.......▓
▓.........▓.......▓
▓....)@...▓..)))..▓
▓....)).).▓..)))..▓
▓.....)...▓.▓...▓.▓
▓....©)...▓...©...▓
▓▓▓▓▓▓▓▓▓▓▓▓▓▓▓▓▓▓▓


You could see a deep elf mage.

Vanquished Creatures
  5 dancing weapons (D)
  A deep elf knight (D)
  2 deep elf archers (D)
  6 deep elf magi (D)
  A rime drake (D)
  An air elemental (D)
  A yak (D)
  A spriggan (D)
  A fire elemental (D)
  A wyvern (D)
  3 steam dragons (D)
  2 swamp drakes (D)
  An orc warrior (D)
  A porcupine (D)
  A black bear (D)
  A wolf (D)
  2 bullfrogs (D)
  An earth elemental (D)
  A crimson imp (D)
  3 orc wizards (D)
  An iguana (D)
  2 orc priests (D)
  2 river rats (D)
  An adder zombie (D)
  2 jackals (D)
44 creatures vanquished.

Notes
Turn   | Place    | Note
-------+----------+-------------------------------------------
     0 | D        | Fang the Gargoyle Berserker began the quest for the Orb.
     0 | D        | Reached XP level 1. HP: 14/14 MP: 1/1
     0 | D        | Found a blossoming altar of Fedhas.
     1 | D        | Found the +6 Majin-Bo {vamp, Archmagi MP+6 Int+6}
     1 | D        | Found the +7 great mace "Firestarter" {inner flame, rF++}
     2 | D        | Found a viscous altar of Jiyva.
     2 | D        | Found a transporter.
     2 | D        | Found a hazy altar of Hepliaklqana.
     2 | D        | Found an ancient bone altar of Kikubaaqudgha.
     2 | D        | Found an opulent altar of Gozag.
     2 | D        | Found a corrupted altar of Lugonu.
    15 | D        | Found a burning altar of Makhleb.
    17 | D        | Found a stormy altar of Qazlal.
    17 | D        | Found an iron altar of Okawaru.
    17 | D        | Found a sacrificial altar of Ru.
    17 | D        | Found a sparkling altar of Nemelex Xobeh.
    17 | D        | Found a shimmering blue altar of Sif Muna.
    17 | D        | Found a bloodstained altar of Trog.
    24 | D        | Found the +9 heavy crossbow "Sniper" {velocity, Acc+∞ SInv}
    24 | D        | Found the +10 dark maul {crush}
    24 | D        | Found the +15 Maxwell's patent armour {-Cast -Tele rElec
                  | MR+ rCorr}
    24 | D        | Found the +18 shield of the Gong {rElec rN+ MR+ EV-5}
    24 | D        | Found the cursed +14 obsidian axe {chop, +Fly SInv *Curse}
    83 | D        | Entered arena 2.
    83 | D        | Noticed a crimson imp
    83 | D        | Found a transporter.
   101 | D        | Killed a crimson imp
   101 | D        | Reached ** piety under Trog
   101 | D        | Reached XP level 2. HP: 20/20 MP: 2/2
   101 | D        | Reached XP level 3. HP: 25/25 MP: 3/3
   106 | D        | Entered arena 3.
   106 | D        | Noticed a black bear
   106 | D        | Noticed a wolf
   106 | D        | Noticed a spriggan
   106 | D        | Found a transporter.
   110 | D        | Killed a black bear
   110 | D        | Reached skill level 5 in Axes
   110 | D        | Reached skill level 5 in Armour
   110 | D        | Reached XP level 4. HP: 32/32 MP: 4/4
   110 | D        | Reached XP level 5. HP: 36/36 MP: 5/5
   114 | D        | Killed a wolf
   114 | D        | Reached skill level 5 in Dodging
   116 | D        | Killed a spriggan
   116 | D        | Reached XP level 6. HP: 44/44 MP: 6/6
   207 | D        | Entered arena 4.
   207 | D        | Noticed a deep elf mage
   207 | D        | Noticed a fire elemental
   207 | D        | Noticed a deep elf knight
   207 | D        | Found a transporter.
   212 | D        | Killed a fire elemental
   212 | D        | Reached *** piety under Trog
   212 | D        | Reached XP level 7. HP: 50/50 MP: 7/7
   215 | D        | Noticed a fire elemental
   215 | D        | Noticed a fire elemental
   215 | D        | Killed a deep elf mage
   215 | D        | Reached skill level 10 in Fighting
   215 | D        | Reached XP level 8. HP: 57/57 MP: 8/8
   221 | D        | Killed a deep elf knight
   221 | D        | Reached **** piety under Trog
   221 | D        | Reached skill level 10 in Armour
   302 | D        | Entered arena 5.
   302 | D        | Noticed a yak
   302 | D        | Found a transporter.
   304 | D        | Reached skill level 1 in Shields
   306 | D        | Reached XP level 9. HP: 64/64 MP: 9/9
   321 | D        | Entered arena 6.
   321 | D        | Found a transporter.
   323 | D        | Reached ***** piety under Trog
   339 | D        | Entered arena 7.
   339 | D        | Noticed a +1 halberd of venom
   339 | D        | Noticed a deep elf archer
   339 | D        | Noticed a deep elf mage
   339 | D        | Noticed a deep elf mage
   339 | D        | Noticed a +4 short sword of speed
   339 | D        | Noticed a deep elf archer
   341 | D        | Found a transporter.
   346 | D        | Noticed a jumping spider
   346 | D        | Killed a deep elf mage
   346 | D        | Received a gift from Trog
   346 | D        | Reached skill level 10 in Axes
   346 | D        | Killed a +4 short sword of speed
   348 | D        | Killed a deep elf archer
   348 | D        | Reached XP level 10. HP: 72/72 MP: 10/10
   352 | D        | Killed a deep elf archer
   353 | D        | Killed a deep elf mage
   355 | D        | Killed a +1 halberd of venom
   355 | D        | Received a gift from Trog
   393 | D        | Got the ring "Ufo Kich" {rN+ Dex+3}
   495 | D        | Entered arena 8.
   496 | D        | Found a transporter.
   501 | D        | Reached ****** piety under Trog
   505 | D        | Received a gift from Trog
   522 | D        | Got the cursed ring "Bumpo" {rC+ MR+ EV-5 Dex+3}
   616 | D        | Entered arena 9.
   617 | D        | Found a transporter.
   626 | D        | Received a gift from Trog
   642 | D        | Got the ring "Pisuext" {+Fly Str+5 Int-3}
   722 | D        | Entered arena 10.
   722 | D        | Noticed a +1 long sword of flaming
   722 | D        | Noticed a deep elf mage
   722 | D        | Noticed a +2 glaive of distortion
   722 | D        | Noticed a deep elf mage
   722 | D        | Noticed a deep elf mage
   722 | D        | Noticed a deep elf mage
   722 | D        | Noticed a +1 long sword of slicing
   723 | D        | Found the +2 robe of Vines {NoPotionHeal Regen+7}
   724 | D        | Found a transporter.
   727 | D        | Killed a +1 long sword of flaming
   729 | D        | Killed a +1 long sword of slicing
   729 | D        | Killed a deep elf mage
   729 | D        | Reached XP level 11. HP: 61/80 MP: 11/11
   735 | D        | Killed a deep elf mage
   735 | D        | Reached skill level 10 in Dodging
   735 | D        | Reached skill level 10 in Shields
   735 | D        | Killed a deep elf mage
   735 | D        | Received a gift from Trog
   736 | D        | HP: 6/120 [+2 glaive of distortion (2)]
   737 | D        | Killed a +2 glaive of distortion
   737 | D        | Killed from afar by a deep elf mage

Levels and vault maps discovered:
D:        sprint_v [room_start, room_1, room_2, room_3, room_4, room_5, room_6,
          room_7, room_8, room_9, room_10, room_11, room_12, room_13, room_14,
          room_15, room_16, room_17, room_18, room_19, room_20, room_21,
          room_22, room_23, room_24, room_25, room_26, room_27]

Skill      XL: |  1  2  3  4  5  6  7  8  9 10 11 |
---------------+----------------------------------+-----
Axes           | 4 5 6 7 8 9 11 14 | 14.5
Dodging        | 3 4 5 6 7 8 9 10 | 10.0
Fighting       | 4 6 8 10 11 12 14 | 14.4
Armour         | 4 5 7 8 9 10 11 12 | 12.7
Shields        | 1 6 9 10 | 10.2

Action                   |  1- 3 |  4- 6 |  7- 9 | 10-12 || total
-------------------------+-------+-------+-------+-------++-------
Melee: Broad axe         |    17 |     9 |    32 |    37 ||    95
Invok: Berserk           |     1 |     1 |     1 |     2 ||     5
  Eat: Chunk             |       |       |       |     3 ||     3
Armor: Plate armour      |     5 |     5 |    11 |    10 ||    31
Dodge: Dodged            |       |       |     1 |     2 ||     3
Block: Shield            |    21 |    14 |    40 |    29 ||   104
